 Dungeon Crawl Stone Soup version 0.23.0 (webtiles) character file.

Game seed: 10652446775000639282

20066 Gargoyl the Protected (level 12, -5/101 HPs)
             Began as a Centaur Abyssal Knight on Feb 9, 2019.
             Was a High Priest of Lugonu.
             Slain by a minotaur
             ... wielding the +9 broad axe "Bumeotay" {protect, Str+2}
              (28 damage)
             ... in a Gauntlet.
             The game lasted 00:28:09 (14362 turns).

Gargoyl the Protected (Centaur Abyssal Knight)     Turns: 14362, Time: 00:28:10

Health: -5/101     AC: 31    Str: 30    XL:     12   Next: 42%
Magic:  18/18      EV: 10    Int:  9    God:    Lugonu [*****.]
Gold:   798        SH:  0    Dex: 13    Spells: 11/11 levels left

rFire    + . .     SeeInvis .   G - +7 long sword of War {elec, Dex+2}
rCold    . . .     Gourm    .   (no shield)
rNeg     . . .     Faith    .   D - +8 chain mail "Gano" {rElec rF+ Str+5 Int-2}
rPois    .         Spirit   .   d - +2 helmet
rElec    +         Reflect  .   h - +2 cloak
rCorr    +         Harm     .   B - +1 pair of gloves
MR       .....     NoTele   +   (no barding)
Stlth    ..........             A - amulet of regeneration
HPRegen  0.66/turn              k - +4 ring of protection
MPRegen  0.16/turn              b - ring of resist corrosion

@: mighty, very quick
A: large, claws 1, hooves 3, deformed body, speed 2, strong 1, tough skin 3
a: Depart the Abyss, Bend Space, Banish, Corrupt, Enter the Abyss, Renounce
Religion


You were in a Gauntlet.
You worshipped Lugonu.
Lugonu was extremely pleased with you.
You were not hungry.

You visited 2 branches of the dungeon, and saw 12 of its levels.
You visited the Abyss 1 time.
You also visited: Gauntlet.

You collected 798 gold pieces.

Inventory:

Hand Weapons
 a - a +1 hand axe
 i - a +1 war axe
 G - the +7 long sword of War (weapon) {elec, Dex+2}
   (You found it on level 2 of the Lair of Beasts)

   Occasionally, upon striking a foe, it will discharge some electrical energy
   and cause terrible harm.
   It affects your dexterity (+2).
Missiles
 y - 5 tomahawks (quivered)
Armour
 d - a +2 helmet (worn)
 h - a +2 cloak (worn)
 B - a +1 pair of gloves (worn)
 D - the +8 chain mail "Gano" (worn) {rElec rF+ Str+5 Int-2}
   (You found it on level 7 of the Dungeon)

   It affects your strength (+5).
   It affects your intelligence (-2).
   It protects you from fire.
   It insulates you from electricity.
 H - a +1 hat
Jewellery
 b - a ring of resist corrosion (right hand)
 k - a +4 ring of protection (left hand)
 A - an amulet of regeneration (around neck)
 K - an uncursed ring of flight {unknown}
Wands
 f - a wand of acid (7)
 g - a wand of iceblast (8)
 u - a wand of enslavement (6)
Scrolls
 j - 6 scrolls of remove curse
 n - a scroll of identify
 q - 2 scrolls of fog
 t - a scroll of magic mapping
 v - 3 scrolls of blinking
 w - 2 scrolls of teleportation
 x - 2 scrolls of fear
 J - a scroll of enchant armour
Potions
 e - a potion of haste
 l - a potion of magic
 m - a potion of mutation
 o - 2 potions of agility
 p - a potion of lignification
 r - 2 potions of brilliance
 s - a potion of degeneration
 z - 2 potions of flight
 C - 2 potions of curing
Comestibles
 c - 18 rations
 I - 5 chunks of flesh


   Skills:
 + Level 7.7 Fighting
   Level 5.7(6.0) Short Blades
 + Level 3.0(4.7) Long Blades
 + Level 7.0 Axes
 * Level 9.6 Armour
 * Level 6.0 Dodging
 * Level 9.0 Invocations
 + Level 1.4 Evocations


You had 11 spell levels left.
You didn't know any spells.
Your spell library was empty.

Dungeon Overview and Level Annotations

Branches:
Dungeon (9/15)             Temple (0/1) D:5            Lair (3/6) D:8
 Shoals (0/4) Lair:3        Snake (0/4) Lair:2
    Orc: D:9-12

Altars:
Cheibriados
Dithmenos
Kikubaaqudgha
Nemelex Xobeh
Wu Jian
Yredelemnul
Zin

Shops:
D:4 *   D:5 %

Annotations:
Lair:3 exclusion: oklob plant
Abyss:1 Pikel Gauntlet 2 transporters


Innate Abilities, Weirdness & Mutations

You have hooves in place of feet.
Armour fits poorly on your strangely shaped body.
You cover ground very quickly.
You have extremely tough skin. (AC +3)
You have sharp fingernails.
Your muscles are strong. (Str +2)


Message History

The minotaur is heavily wounded.
The minotaur hits you but does no damage.
The minotaur gores you but does no damage.
You hit the minotaur but do no damage.
You kick the minotaur, but do no damage.
The minotaur is heavily wounded.
The minotaur hits you with the +9 broad axe "Bumeotay" {protect, Str+2}!!
* * * LOW HITPOINT WARNING * * *
The minotaur gores you but does no damage.
You barely miss the minotaur. You kick the minotaur!
The minotaur is heavily wounded.
The minotaur hits you with the +9 broad axe "Bumeotay" {protect, Str+2}.
* * * LOW HITPOINT WARNING * * *
The minotaur closely misses you.
You feel better.
You hit the minotaur but do no damage.
You kick the minotaur, but do no damage.
The minotaur is heavily wounded.
The minotaur hits you with the +9 broad axe "Bumeotay" {protect, Str+2}!!
You die...

#[.[# #8.8# ####[.[#
###8.#8.8# #....#...#
#.#..#8(8# #
#.#..##H##..#.#
#.....@.......#
#.#.##.#.##.#.#
#.#...(#... #
###.#.#######.#.##
#≈...............≈#
#8.8.8..©.©..8.8.8# ## #
#§...............≈ 8# #8
#########################
........§∩≈..............


You could see a minotaur.

Vanquished Creatures
  Snorg (Lair:1)
  2 hydras
  A two-headed ogre (D:9)
  Urug (Lair:2)
  A wizard (Gauntlet)
  2 merfolk sirens (Lair:3)
  6 elephants
  A black mamba (Lair:1)
  4 spiny frogs
  2 rime drakes
  2 merfolk (Lair:3)
  Grinder (D:5)
  4 hippogriffs
  A hippogriff (shapeshifter) (Gauntlet)
  5 blink frogs
  A spriggan (shapeshifter) (Gauntlet)
  A wyvern (D:9)
  21 yaks
  A human (shapeshifter) (Gauntlet)
  Menkaure (D:5)
  4 water moccasins
  4 porcupines
  A sky beast (D:4)
  2 ice beasts (D:8)
  2 necrophages (D:9)
  3 ogres
  A wolf (Gauntlet)
  4 centaurs
  5 crocodiles
  A big kobold (D:9)
  Blork the orc (D:5)
  6 bullfrogs
  A water moccasin zombie (D:9)
  A hornet simulacrum (Gauntlet)
  A scorpion (D:9)
  6 killer bees (D:5)
  2 wights (D:9)
  3 howler monkeys
  2 crimson imps
  A bullfrog zombie (D:9)
  3 hounds
  A centaur zombie (D:5)
  A centaur skeleton (D:7)
  4 orc priests
  Crazy Yiuf (D:2)
  4 orc wizards
  A bullfrog skeleton (D:5)
  2 iguanas
  Terence (D:2)
  9 worker ants
  4 centaur simulacra (Gauntlet)
  A gnoll (D:3)
  A howler monkey zombie (D:9)
  8 adders
  7 shadow imps
  An ufetubus (Abyss:3)
  2 oozes
  An adder zombie (D:6)
  An adder skeleton (D:6)
  5 worms
  2 dart slugs (D:2)
  6 leopard geckos
  30 orcs
  3 ball pythons
  4 bats
  2 giant cockroaches
  6 goblins
  10 hobgoblins
  9 jackals
  4 kobolds
  2 quokkas
  A ball python skeleton (D:4)
  A ball python zombie (D:5)
  5 frilled lizards
  A jackal zombie (D:5)
  A quokka skeleton (D:4)
  2 quokka zombies (D:9)
  5 rats
  A withered plant (D:9)
263 creatures vanquished.

Vanquished Creatures (collateral kills)
  A torpor snail (Gauntlet)
  3 wolves (Gauntlet)
4 creatures vanquished.

Vanquished Creatures (others)
  An orc warrior (D:7)
  3 fungi (Lair:2)
  4 plants (Lair:2)
8 creatures vanquished.

Grand Total: 275 creatures vanquished

Notes
Turn   | Place    | Note
-------+----------+-------------------------------------------
     0 | Abyss:1  | Gargoyl the Centaur Abyssal Knight began the quest for the
                  | Orb.
     0 | Abyss:1  | Reached XP level 1. HP: 19/19 MP: 2/2
    41 | Abyss:1  | Gained mutation: You have sharp fingernails. [potion of
                  | mutation]
    41 | Abyss:1  | Gained mutation: Your muscles are strong. (Str +2) [potion
                  | of mutation]
    74 | Abyss:2  | Noticed a lich
    89 | Abyss:3  | Found a corrupted altar of Lugonu.
   124 | Abyss:3  | Found a corrupted altar of Lugonu.
   164 | Abyss:3  | Found a corrupted altar of Lugonu.
   172 | Abyss:3  | Noticed a thrashing horror
   174 | Abyss:3  | Noticed a raiju
   178 | Abyss:3  | Noticed a hellwing
   179 | D:1      | Escaped the Abyss
   264 | D:1      | Reached XP level 2. HP: 24/26 MP: 3/3
   295 | D:1      | Reached * piety under Lugonu
   972 | D:2      | Found a shadowy altar of Dithmenos.
  1020 | D:2      | Noticed an ogre
  1021 | D:2      | Reached XP level 3. HP: 31/31 MP: 4/4
  1028 | D:2      | Killed an ogre
  1028 | D:2      | Reached skill level 1 in Dodging
  1028 | D:2      | Reached XP level 4. HP: 17/40 MP: 4/6
  1213 | D:2      | Found a faded altar of an unknown god.
  1250 | D:2      | Found a runed translucent door.
  1251 | D:2      | Noticed Crazy Yiuf
  1318 | D:2      | Found a snail-covered altar of Cheibriados.
  1605 | D:2      | Reached XP level 5. HP: 45/46 MP: 7/7
  1675 | D:2      | Noticed Terence
  1686 | D:2      | Killed Terence
  2183 | D:2      | Killed Crazy Yiuf
  3151 | D:3      | Reached ** piety under Lugonu
  3357 | D:4      | Reached XP level 6. HP: 46/52 MP: 8/8
  3661 | D:4      | Noticed a sky beast
  3723 | D:4      | Killed a sky beast
  3771 | D:4      | Found Ochoiket's Elemental Accessories.
  3873 | D:4      | Reached XP level 7. HP: 58/60 MP: 9/9
  4272 | D:5      | Entered Level 5 of the Dungeon
  4272 | D:5      | Noticed Blork the orc
  4283 | D:5      | Killed Blork the orc
  4395 | D:5      | Found a staircase to the Ecumenical Temple.
  4446 | D:5      | Found an ornate altar of the Wu Jian Council.
  4485 | D:5      | Found an ancient bone altar of Kikubaaqudgha.
  4485 | D:5      | Found a glowing silver altar of Zin.
  4486 | D:5      | Found a sparkling altar of Nemelex Xobeh.
  4521 | D:5      | Reached *** piety under Lugonu
  4529 | D:5      | Found Ytudgh's Food Shop.
  4865 | D:5      | Noticed Grinder
  5112 | D:5      | Paralysed by Grinder for 7 turns
  5321 | D:5      | Reached XP level 8. HP: 44/67 MP: 11/11
  5547 | D:5      | Paralysed by Grinder for 7 turns
  5566 | D:5      | Paralysed by Grinder for 4 turns
  5953 | D:5      | Killed Grinder
  5953 | D:5      | Reached skill level 5 in Axes
  5971 | D:5      | Noticed Menkaure
  5983 | D:5      | Killed Menkaure
  6847 | D:5      | Reached skill level 5 in Armour
  6972 | D:5      | Reached skill level 5 in Fighting
  7444 | D:6      | Noticed Pikel
  7462 | D:6      | Banished Pikel
  7462 | D:6      | Reached skill level 5 in Invocations
  7462 | D:6      | Reached XP level 9. HP: 31/74 MP: 12/12
  7716 | D:6      | You fall through a shaft!
  7900 | D:7      | Found an ornate altar of the Wu Jian Council.
  8589 | D:7      | Found a basalt altar of Yredelemnul.
  8894 | D:7      | Got a spiked chain mail
  8905 | D:7      | Identified the +8 chain mail "Gano" {rElec rF+ Str+5 Int-2}
                  | (You found it on level 7 of the Dungeon)
  9201 | D:8      | Found a staircase to the Lair.
  9854 | D:9      | Reached **** piety under Lugonu
 10157 | D:9      | Reached skill level 1 in Evocations
 10460 | D:9      | Noticed a two-headed ogre
 10496 | D:9      | Killed a two-headed ogre
 10496 | D:9      | Reached XP level 10. HP: 47/82 MP: 14/14
 10779 | D:9      | Reached skill level 1 in Short Blades
 10902 | Lair:1   | Entered Level 1 of the Lair of Beasts
 10902 | Lair:1   | Noticed a seven-headed hydra
 10903 | Lair:1   | Noticed a spiny frog
 10916 | D:8      | Killed a seven-headed hydra
 10964 | Lair:1   | Killed a spiny frog
 11929 | Lair:1   | Reached XP level 11. HP: 65/90 MP: 16/16
 12112 | Lair:2   | Reached ***** piety under Lugonu
 12115 | Lair:2   | Noticed a five-headed hydra
 12295 | Lair:1   | Reached skill level 5 in Dodging
 12320 | Lair:1   | Killed a five-headed hydra
 12574 | Lair:2   | Reached skill level 5 in Short Blades
 12929 | Lair:2   | Got an ancient long sword
 12930 | Lair:2   | Identified the +7 long sword of War {elec, Dex+2} (You
                  | found it on level 2 of the Lair of Beasts)
 13109 | Lair:2   | Found a staircase to the Snake Pit.
 13168 | Lair:2   | Identified the cursed +1 trident "Koongeha" {venom, rElec
                  | rC+++ Str-3 Dex-2}
 13168 | Lair:2   | Noticed Urug
 13196 | Lair:2   | Killed Urug
 13196 | Lair:2   | Reached XP level 12. HP: 31/100 MP: 18/18
 13218 | Lair:2   | HP: 5/100 [poisoned by Urug]
 13669 | Lair:3   | Noticed Snorg
 13747 | Lair:1   | Reached skill level 1 in Long Blades
 13795 | Lair:1   | Killed Snorg
 13930 | Lair:3   | Found a staircase to the Shoals.
 14008 | Lair:3   | Found a gate leading to a gauntlet.
 14012 | Gauntlet | Entered a Gauntlet
 14012 | Gauntlet | Found a transporter.
 14012 | Gauntlet | Found a transporter.
 14061 | Gauntlet | Found a transporter.
 14062 | Gauntlet | Found a transporter.
 14162 | Gauntlet | Found a transporter.
 14267 | Gauntlet | Found a transporter.
 14270 | Gauntlet | Found a transporter.
 14271 | Gauntlet | Found a transporter.
 14290 | Gauntlet | Found a transporter.
 14326 | Gauntlet | Found a transporter.
 14340 | Gauntlet | Identified the +9 broad axe "Bumeotay" {protect, Str+2}
 14340 | Gauntlet | Identified the +4 shortbow of Pandemonium {speed, rElec}
 14340 | Gauntlet | Noticed a minotaur
 14362 | Gauntlet | Slain by a minotaur

Skill      XL: |  1  2  3  4  5  6  7  8  9 10 11 12 |
---------------+-------------------------------------+-----
Axes           | 2 3 4 5 7 |  7.0
Armour         | 2 3 5 6 7 9 |  9.6
Dodging        | 1 2 3 4 5 6 |  6.0
Fighting       | 4 5 6 7 |  7.7
Invocations    | 3 4 5 6 7 8 9 |  9.0
Evocations     | 1 |  1.4
Short Blades   | 3 5 |  5.7
Long Blades    | 3 |  3.0

Action                   |  1- 3 |  4- 6 |  7- 9 | 10-12 || total
-------------------------+-------+-------+-------+-------++-------
Melee: Hand axe          |    48 |   175 |   408 |       ||   631
       Kick              |     4 |    42 |   124 |   194 ||   364
       Short sword       |       |       |    38 |   351 ||   389
       Long sword        |       |       |       |   101 ||   101
Invok: Depart the Abyss  |     1 |       |       |       ||     1
       Banish            |       |       |     2 |       ||     2
       Bend Space        |       |       |       |     2 ||     2
Evoke: Wand              |     2 |       |     9 |    10 ||    21
  Use: Scroll            |     4 |     2 |    13 |    13 ||    32
       Potion            |     2 |     2 |     6 |     6 ||    16
 Stab: Invisible         |       |     1 |       |       ||     1
  Eat: Chunk             |       |     7 |    15 |    10 ||    32
       Ration            |       |       |     1 |     1 ||     2
Armor: Leather armour    |     3 |       |       |       ||     3
       Chain mail        |    24 |   159 |   423 |   440 ||  1046
       Plate armour      |       |       |     4 |       ||     4
Dodge: Dodged            |     7 |    62 |   201 |   179 ||   449
       Rpst.: Long sword |       |       |       |    16 ||    16
